 Dungeon Crawl Stone Soup version 0.29.1-1-gd02db6906a (webtiles) character file.

Game seed: 11206300907689973003

25 MisterFreud the Ducker (level 2, -2/14 HPs)
             Began as a Felid Berserker on Oct 11, 2022.
             Was a Follower of Trog.
             Slain by a jackal (3 damage)
             ... on level 1 of the Dungeon.
             The game lasted 00:00:47 (714 turns).

MisterFreud the Ducker (Felid Berserker)             Turns: 714, Time: 00:00:48

Health: -2/14      AC:  1    Str: 13    XL:     2   Next: 86%
Magic:  3/3        EV: 18    Int:  8    God:    Trog [*.....]
Gold:   119        SH:  0    Dex: 15    Spells: 1/1 levels left
                                        Lives:  0   Deaths: 0

rFire   . . .      SeeInvis +     - Unarmed
rCold   . . .      Faith    .   (shield unavailable)
rNeg    + . .      Spirit   .   (body armour unavailable)
rPois   .          Reflect  .   (helmet unavailable)
rElec   .          Harm     .   (cloak unavailable)
rCorr   .          Rampage  .   (gloves unavailable)
Will    .....                   (boots unavailable)
Stlth   +.........              (no amulet)
HPRegen 0.04/turn               c - ring of positive energy
MPRegen 0.08/turn               (no ring)

@: quick
A: very small, claws 1, fangs 3, see invisible, speed 1, shaggy fur 1, stealthy
paws, no weapons or thrown items, no armour, multi-lived
a: Renounce Religion, Berserk


You were on level 1 of the Dungeon.
You worshipped Trog.
Trog was aware of your devotion.
You visited 1 branch of the dungeon, and saw 1 of its levels.

You collected 119 gold pieces.

Inventory:

Jewellery
 c - a ring of positive energy (left paw)
Scrolls
 a - a scroll of poison {unknown}
 b - a scroll of magic mapping {unknown}


   Skills:
 + Level 3.3 Fighting
 + Level 4.5 Dodging
 + Level 3.4 Unarmed Combat


You had one spell level left.
You didn't know any spells.
Your spell library was empty.

Dungeon Overview and Level Annotations

Branches:
Dungeon (1/15)

Altars:


Innate Abilities, Weirdness & Mutations

You have sharp claws.
You have razor-sharp teeth.
You have supernaturally acute eyesight. (SInv)
You cover ground quickly. (Speed+)
You are covered in fur. (AC +1)
Your paws help you pounce on unaware monsters.
You are incapable of wielding weapons or throwing items.
You cannot wear armour.
You gain extra lives every three experience levels.


Message History

Your claw misses the jackal. The jackal misses you.
You scratch the jackal.
You kill the jackal!
Trog accepts your kill. The jackal closely misses you.
You closely miss the jackal. The jackal misses you.
You closely miss the jackal. The jackal closely misses you.
You scratch the jackal.
You kill the jackal!
Trog accepts your kill.
You closely miss the jackal. The jackal completely misses you.
The jackal closely misses you.
You barely miss the jackal. The jackal closely misses you.
You barely miss the jackal. The jackal closely misses you.
The jackal bites you.
You miss the jackal. Your bite misses the jackal.
The jackal bites you but does no damage.
You closely miss the jackal. You bite the jackal.
The jackal is moderately wounded.
The jackal closely misses you.
You scratch the jackal but do no damage.
The jackal is moderately wounded.
The jackal closely misses you.
You scratch the jackal.
You kill the jackal!
Trog accepts your kill. The jackal bites you.
You miss the jackal. The jackal closely misses you.
You scratch the jackal but do no damage.
The jackal bites you.
* * * LOW HITPOINT WARNING * * *
You scratch the jackal.
The jackal is severely wounded.
The jackal bites you but does no damage.
You closely miss the jackal.
The jackal is severely wounded.
The jackal bites you.
* * * LOW HITPOINT WARNING * * *
The jackal bites you.
You die...

#...##...(..# #.#
#.#....#.....
###.........#
#.##.............
####......#
#.##............. #......#
..#............. #......#
#.#.............
#......####...............
#...............#####.....
#......#####h#..# #.....
#........@hhh...# ......
#####+#.####....# #.#
##..(# #.# ...... #..
..hh... ### ..h#...
....... #......


You could see 4 jackals.

Vanquished Creatures
  A ball python (D:1)
  4 hobgoblins (D:1)
  7 jackals (D:1)
  A quokka (D:1)
  2 bats (D:1)
  A frilled lizard (D:1)
  A goblin (D:1)
  4 kobolds (D:1)
  3 rats (D:1)
24 creatures vanquished.

Vanquished Creatures (others)
  4 toadstools (D:1)
4 creatures vanquished.

Grand Total: 28 creatures vanquished

Notes
Turn   | Place    | Note
-------+----------+-------------------------------------------
     0 | D:1      | MisterFreud the Felid Berserker began the quest for the
                  | Orb.
     0 | D:1      | Reached XP level 1. HP: 10/10 MP: 2/2
   399 | D:1      | Reached XP level 2. HP: 13/14 MP: 3/3
   714 | D:1      | Slain by a jackal

Illustrated notes

Levels and vault maps discovered:
D:1:      minmay_arrival_semitransparent, layout_basic,
          minmay_gold_behind_fungi, minmay_ruptured

Action                   || total
-------------------------++-------
Melee: Unarmed           ||    60
       Bite              ||     4
       Punch             ||     1
Invok: Berserk           ||     2
 Stab: Distracted        ||     1
Armor: Skin              ||     2
Dodge: Dodged            ||    53
